 Dungeon Crawl Stone Soup version 0.17-a0-1515-gfae3d72 (webtiles) character file.

1647 amnekian the Slicer (level 9, -12/81 HPs)
             Began as a Halfling Warper on July 12, 2015.
             Was a Believer of Okawaru.
             Killed from afar by Pikel (28 damage)
             ... with a wand of lightning
             ... on level 5 of the Dungeon.
             The game lasted 01:01:20 (9647 turns).

amnekian the Slicer (Halfling Warper)               Turns: 9647, Time: 01:01:21

Health: -12/81     AC:  9    Str: 24    XL:     9   Next: 19%
Magic:  9/11       EV: 21    Int: 20    God:    Okawaru [**....]
Gold:   275        SH:  0    Dex: 14    Spells: 2 memorised, 8 levels left

rFire  . . .     SeeInvis .     a - +7 dagger "Ahuwn" {pierce, rPois MR- Int+8 Stlth-}
rCold  . . .     Clarity  .     r - +0 ring mail
rNeg   . . .     SustAt   .     (shield restricted)
rPois  +         Gourm    .     G - +0 helmet
rElec  .         Spirit   .     (no cloak)
rCorr  .         Warding  .     (no gloves)
rMut   .         Stasis   .     (no boots)
MR     .....                    t - amulet of rage
Stlth  ..........               (no ring)
                                B - +5 ring of strength

@: berserking, heroism, very quick, not resistant to hostile enchantments,
extremely unstealthy
A: mutation resistance 1
a: Heroism, Renounce Religion, Evoke Berserk Rage


You were on level 5 of the Dungeon.
You worshipped Okawaru.
Okawaru was pleased with you.
You were hungry.

You visited 1 branch of the dungeon, and saw 8 of its levels.

You collected 275 gold pieces.

Inventory:

Hand weapons
 a - the +7 dagger "Ahuwn" (weapon) {pierce, rPois MR- Int+8 Stlth-}
   (You found it on level 6 of the Dungeon)

   It inflicts extra damage upon your enemies.
   It affects your intelligence (+8).
   It protects you from poison.
   It affects your resistance to hostile enchantments.
   It makes you less stealthy.
 b - a +0 blowgun
 c - a +1 whip of venom
 K - a +0 short sword
 O - a +0 hunting sling
Missiles
 e - 5 tomahawks of dispersal
 k - 35 sling bullets
 q - 184 stones (quivered)
 z - 7 needles of sleeping
 H - 47 poisoned needles
Armour
 m - a +0 leather armour
 r - a +0 ring mail (worn)
 C - a +0 chain mail
 G - a +0 helmet (worn)
Jewellery
 l - an uncursed ring of ice
 n - a -2 ring of intelligence
 t - an amulet of rage (around neck)
 x - an uncursed amulet of the gourmand
 B - a +5 ring of strength (left hand)
Magical devices
 y - a wand of frost (22)
 L - a wand of draining (9)
 P - a wand of cold (10)
Scrolls
 d - 3 scrolls of blinking
 h - 2 scrolls of teleportation
 j - 4 scrolls of remove curse
 w - 4 scrolls of amnesia {unknown}
 J - a scroll of immolation {unknown}
 M - 3 scrolls of identify
 V - a scroll of enchant weapon {unknown}
Potions
 g - 2 potions of haste
 i - 3 potions of curing
 o - 2 potions of might
 p - a potion of magic
 v - a potion of poison
 A - 3 potions of lignification {unknown}
 D - a potion of brilliance {unknown}
 F - a potion of cure mutation {unknown}
 Q - 2 potions of mutation {unknown}
 S - 2 potions of ambrosia {unknown}
Books
 s - a book of Spatial Translocations

   Spells                             Type                      Level
   a - Apportation                    Translocation                1
   b - Blink                          Translocation                2
   c - Shroud of Golubria             Charms/Translocation         2
   d - Portal Projectile              Translocation                3
   e - Teleport Other                 Translocation                3
   f - Passage of Golubria            Translocation                4
 T - a book of Frost

   Spells                             Type                      Level
   a - Freeze                         Ice                          1
   b - Throw Frost                    Conjuration/Ice              2
   c - Ozocubu's Armour               Charms/Ice                   3
   d - Throw Icicle                   Conjuration/Ice              4
   e - Summon Ice Beast               Ice/Summoning                4
   f - Condensation Shield            Ice                          4
Miscellaneous
 u - a plain deck of war
Comestibles
 f - 4 bread rations
 E - 3 beef jerkies
 I - 3 meat rations
 R - 2 fruits


   Skills:
 - Level 1.7(6.7) Fighting
 - Level 8.6(13.6) Short Blades
 - Level 1.3(6.3) Throwing
 * Level 6.9(11.9) Armour
 - Level 7.3(12.3) Dodging
 - Level 1.4(6.4) Stealth
 - Level 1.5 Spellcasting
 - Level 3.2 Translocations


You had 8 spell levels left.
You knew the following spells:

 Your Spells              Type           Power        Failure   Level  Hunger
a - Apportation           Tloc           ##........   8%          1    #......
b - Blink                 Tloc           N/A          12%         2    ###....


Dungeon Overview and Level Annotations

Branches:
Dungeon (8/15)             Temple (0/1) D:5
   Lair: D:8-11

Altars:
Ashenzari
Cheibriados
Fedhas
Gozag
Nemelex Xobeh
Okawaru
Sif Muna
Vehumet
Yredelemnul
Zin

Annotations:
D:2 exclusion: adder
D:4 exclusion: upstairs
D:5 Pikel
D:6 Grinder
D:8 Erolcha


Innate Abilities, Weirdness & Mutations

You are small and have problems with some larger weapons.
You are somewhat resistant to further mutation.


Message History

Use which ability? (? or * to list)
You gain the combat prowess of a mighty hero.
You feel slightly more hungry.
You climb downwards.
Level annotation: Pikel Pikel says, "It's all about the gold, really."
Pikel zaps a wand.
The bolt of lightning hits you! The bolt of lightning hits you!
* * * LOW HITPOINT WARNING * * *
Pikel completely misses you.
There is a stone staircase leading up here.
Use which ability? (? or * to list)
You fail to use your ability.
Pikel misses you.
Use which ability? (? or * to list)
You fail to use your ability.
Use which ability? (? or * to list)
A red film seems to cover your vision as you go berserk!
You feel yourself moving faster!
You feel mighty!
Pikel zaps a wand.
The bolt of lightning misses you. The bolt of lightning hits you!
You die...

..####....####### ##.#
.## #...## #..# ##
##.## #..## # #.# ##..#
# #.## #..# # #..####
##.# # #.....##### #.#
# ##...###...## #.# # #
##..### ###.@# #.# # #
##>...## ##K### ##.# #
# #......#
##..#####..## ##
#..###.## #.........[##
##. #.## ##.###
#######...K.###.. #.#
##..####### ##....).).#
#.#
##..##...#####..####.##
##.## ##....[...#...##
### ###...##
#...###.....##


You could see Pikel.

Vanquished Creatures
  A hippogriff (D:7)
  Menkaure (D:7)
  A black bear (D:7)
  The ghost of namelastname112 the Firebug, an average DrFE (D:3)
  2 slaves (D:5)
  A necrophage (D:6)
  2 ogres (D:6)
  A centaur (D:6)
  2 giant frogs (D:6)
  5 crimson imps
  A centaur skeleton (D:4)
  Ijyb (D:2)
  3 hounds
  A jelly (D:6)
  A centaur zombie (D:6)
  6 worker ants
  A killer bee zombie (D:7)
  2 hound skeletons (D:4)
  A worker ant zombie (D:7)
  Robin (D:4)
  7 adders
  3 gnolls (D:3)
  A shadow imp (D:6)
  2 worms
  A giant gecko (D:3)
  7 orcs
  4 ball pythons
  8 bats
  A bat skeleton (D:6)
  A bat zombie (D:7)
  10 giant cockroaches
  22 goblins
  16 hobgoblins
  11 jackals
  9 kobolds
  2 quokkas
  2 giant gecko skeletons
  4 giant newts
  2 quokka skeletons
  17 rats
  A spectral orc (D:3)
166 creatures vanquished.

Notes
Turn   | Place    | Note
--------------------------------------------------------------
     0 | D:1      | amnekian the Halfling Warper began the quest for the Orb.
     0 | D:1      | Reached XP level 1. HP: 14/14 MP: 3/3
   378 | D:1      | Reached XP level 2. HP: 19/19 MP: 4/4
   435 | D:1      | Reached skill level 4 in Short Blades
   789 | D:1      | Reached XP level 3. HP: 22/24 MP: 5/5
  1321 | D:2      | Reached skill level 1 in Stealth
  1544 | D:2      | Learned a level 2 spell: Blink
  1595 | D:2      | Found an opulent altar of Gozag.
  1681 | D:2      | Noticed Ijyb
  1693 | D:2      | Killed Ijyb
  1693 | D:2      | Reached skill level 5 in Short Blades
  1693 | D:2      | Reached XP level 4. HP: 24/29 MP: 6/6
  2609 | D:3      | Found a basalt altar of Yredelemnul.
  2634 | D:3      | Noticed namelastname112's ghost (average DrFE)
  2690 | D:4      | Reached XP level 5. HP: 31/34 MP: 7/7
  2972 | D:4      | Noticed an ogre
  3017 | D:3      | Reached skill level 6 in Short Blades
  4199 | D:4      | Noticed Robin
  4234 | D:4      | Killed Robin
  4234 | D:4      | Reached skill level 7 in Short Blades
  4264 | D:4      | Reached XP level 6. HP: 27/39 MP: 8/8
  4452 | D:5      | Entered Level 5 of the Dungeon
  4488 | D:4      | Found a snail-covered altar of Cheibriados.
  4493 | D:4      | Found an iron altar of Okawaru.
  4497 | D:4      | Became a worshipper of Warmaster Okawaru
  4503 | D:4      | Found a shattered altar of Ashenzari.
  4506 | D:4      | Found a deep blue altar of Sif Muna.
  4511 | D:4      | Noticed an ice beast
  4637 | D:3      | Killed namelastname112's ghost
  4637 | D:3      | Reached skill level 8 in Short Blades
  5265 | D:5      | Found a radiant altar of Vehumet.
  5307 | D:5      | Reached XP level 7. HP: 33/44 MP: 9/9
  5364 | D:5      | Found a sparkling altar of Nemelex Xobeh.
  5370 | D:5      | Found a staircase to the Ecumenical Temple.
  5608 | D:5      | Noticed a slave
  5633 | D:5      | Killed a slave
  6504 | D:6      | Reached skill level 5 in Dodging
  7017 | D:6      | Got a polished dagger
  7018 | D:6      | Identified the +7 dagger "Ahuwn" {pierce, rPois MR- Int+8 Stlth-} (You found it on level 6 of the Dungeon)
  7024 | D:6      | Found a blossoming altar of Fedhas.
  7097 | D:6      | Reached XP level 8. HP: 49/49 MP: 10/10
  7106 | D:6      | Noticed Grinder
  7239 | D:6      | Found a glowing silver altar of Zin.
  7269 | D:6      | Acquired Okawaru's first power
  8331 | D:7      | Noticed a hippogriff
  8368 | D:7      | Killed a hippogriff
  8368 | D:7      | Reached skill level 5 in Armour
  8368 | D:7      | Reached XP level 9. HP: 52/54 MP: 11/11
  8419 | D:7      | Noticed Menkaure
  8566 | D:7      | Killed Menkaure
  8922 | D:8      | Noticed Erolcha
  9011 | D:5      | Noticed a slave
  9012 | D:5      | Noticed a slave
  9023 | D:5      | Killed a slave
  9458 | D:5      | Noticed Pikel
  9647 | D:5      | Killed from afar by Pikel

Vault maps used:
D:1:      dpeg_arrival_sounds_slurp, moated_statue
D:2:      lemuel_doored_altar, first_bread, uniq_iyjb
D:3:      yredelemnul_forgotten_temple_becter
D:4:      grunt_temple_overflow_cloverleaf, uniq_robin
D:5:      kennysheep_little_box, nemelex_deck, minmay_temple_entry_overgrown,
          uniq_pikel
D:6:      nicolae_overflow_hidden_temple, zin_treasury,
          nicolae_ossuary_entry_false_entrances, uniq_grinder
D:7:      uniq_menkaure
D:8:      nicolae_ru_awakened_eye, uniq_erolcha

Action                   |  1- 3 |  4- 6 |  7- 9 || total
-------------------------+-------+-------+-------++-------
Melee: Short sword       |   109 |   108 |    39 ||   256
       Whip              |    41 |   181 |    94 ||   316
       Dagger            |       |       |   118 ||   118
 Fire: Hunting sling     |       |    12 |     6 ||    18
       Blowgun           |       |       |    13 ||    13
Throw: Stone             |       |     3 |    12 ||    15
 Cast: Blink             |       |     1 |       ||     1
Invok: Heroism           |       |       |     2 ||     2
 Abil: Evoke Berserk Rag |       |       |     1 ||     1
  Use: Scroll            |       |     1 |    12 ||    13
 Stab: Sleeping          |     1 |     1 |       ||     2
  Eat: Chunk             |     3 |     9 |    12 ||    24
       Royal jelly       |       |     1 |       ||     1
       Pizza             |       |       |     1 ||     1
